 Dungeon Crawl Stone Soup version 0.28.0 (webtiles) character file.

Game seed: 18251100795717705298

165 growler the Gusty (level 5, -5/28 HPs)
             Began as a Tengu Air Elementalist on Feb 9, 2022.
             Slain by a gnoll (6 damage)
             ... on level 3 of the Dungeon.
             The game lasted 00:05:42 (2662 turns).

growler the Gusty (Tengu Air Elementalist)          Turns: 2662, Time: 00:05:43

Health: -5/28      AC:  2    Str:  9    XL:     5   Next: 46%
Magic:  0/10       EV: 14    Int: 23    God:
Gold:   64         SH:  0    Dex: 14    Spells: 7/10 levels left

rFire   . . .      SeeInvis .   (no weapon)
rCold   . . .      Faith    .   (no shield)
rNeg    . . .      Spirit   .   a - +0 robe
rPois   .          Reflect  .   (helmet restricted)
rElec   .          Harm     .   (no cloak)
rCorr   .          Rampage  .   (no gloves)
Will    .....                   (boots unavailable)
Stlth   ++........              (no amulet)
HPRegen 0.09/turn               g - +6 ring of intelligence
MPRegen 0.12/turn               (no ring)

@: flying quickly and evasively, quick
A: beak, talons 3, nimble flight
a: no special abilities


You were on level 3 of the Dungeon.
You visited 1 branch of the dungeon, and saw 3 of its levels.

You collected 64 gold pieces.

Inventory:

Armour
 a - a +0 robe (worn)
Jewellery
 g - a +6 ring of intelligence (left hand)
   (You found it on level 2 of the Dungeon)
 i - a ring of protection from fire
   (You found it on level 2 of the Dungeon)
Scrolls
 b - 2 scrolls of identify {unknown}
 c - 2 scrolls of fog {unknown}
 e - a scroll of fear {unknown}
 f - a scroll of immolation {unknown}
 h - a scroll of enchant weapon {unknown}
Potions
 d - a potion of mutation {unknown}
 j - a potion of curing {unknown}


   Skills:
 - Level 2.1 Dodging
 - Level 2.0 Stealth
 + Level 3.3 Spellcasting
 + Level 4.0 Conjurations
 + Level 5.6 Air Magic


You had 7 spell levels left.
You knew the following spells:

 Your Spells              Type           Power      Damage    Failure   Level
a - Shock                 Conj/Air       100%       1d9       1%          1
d - Static Discharge      Conj/Air       25%        N/A       2%          2

Your spell library contained the following spells:

 Spells                   Type           Power      Damage    Failure   Level
 Swiftness                Air            29%        N/A       3%          3
 Foxfire                  Conj/Fire      52%        2x1d6     4%          1
 Airstrike                Air            14%        N/A       11%         4
 Conjure Flame            Conj/Fire      13%        6-21      14%         3
 Gell's Gravitas          Tloc           3%         N/A       34%         3
 Inner Flame              Hex/Fire       3%         N/A       34%         3
 Lesser Beckoning         Tloc           3%         N/A       34%         3
 Teleport Other           Tloc           3%         N/A       34%         3
 Flame Wave               Conj/Fire      13%        2d6       43%         4


Dungeon Overview and Level Annotations

Branches:
Dungeon (3/15)

Altars:


Innate Abilities, Weirdness & Mutations

You have a beak for a mouth.
You have claws for feet.
Your magical nature lets you fly swiftly and evasively.


Message History

The gnoll closely misses you.
A gnoll comes into view. It is wielding a +0 flail.
The gnoll shouts!
The gnoll closely misses you.
The gnoll is struck by an arc of lightning.
You are struck by an arc of lightning.
The lightning grounds out.
The gnoll barely misses you. The gnoll misses you.
The gnoll is struck by an arc of lightning. x2
The lightning grounds out.
The gnoll closely misses you. The gnoll hits you with a +0 spear.
The gnoll is struck by an arc of lightning.
The giant cockroach is struck by an arc of lightning.
You kill the giant cockroach!
The lightning grounds out.
The gnoll hits you from afar with a +0 spear.
The gnoll hits you with a +0 spear!
* * * LOW HITPOINT WARNING * * *
The gnoll is struck by an arc of lightning!
You kill the gnoll!
You are struck by an arc of lightning.
* * * LOW HITPOINT WARNING * * *
The gnoll misses you.
Aim: a gnoll, wielding a +0 flail (77% to hit)
The zap hits the gnoll.
The zap misses the gnoll.
Aim: a gnoll, wielding a +0 club (lightly wounded, 77% to hit)
The zap misses the gnoll.
The zap hits the gnoll! x2
Aim: a gnoll, wielding a +0 club (severely wounded, 77% to hit)
The zap misses the gnoll.
The zap hits the gnoll.
The zap hits the gnoll!
You kill the gnoll!
Aim: a gnoll, wielding a +0 flail (lightly wounded, 77% to hit)
The zap hits the gnoll.
The zap misses the gnoll.
The gnoll misses you.
The gnoll is struck by an arc of lightning!
You kill the gnoll!
You are struck by an arc of lightning.
* * * LOW HITPOINT WARNING * * *
The lightning grounds out.
The gnoll hits you from afar with a +0 spear.
* * * LOW HITPOINT WARNING * * *
Your Conjurations skill increases to level 4!
The gnoll hits you with a +0 spear.
* * * LOW HITPOINT WARNING * * *
Things that are here:
a +0 flail; a gnoll corpse The gnoll misses you.
The gnoll hits you with a +0 spear.
* * * LOW HITPOINT WARNING * * *
Things that are here:
a +0 flail; a gnoll corpse The gnoll hits you from afar with a +0 spear.
You die...

###.##### #.#
####.......### #.#
##.....)......# #g#
###...#.#.###.#.#
#g#### ..........#
#.#.####....#
##...#.#.#
#.........#.#
##.##.#g#####.#####.#
# #...).)......# #.#
####.#@####### #.#
......))#.# #)#
#########.# ... #..#
#..#. #.## #..#.# #.#
#... . #.# #.## ##
##.###########.
#.....<.......


You could see a gnoll.

Vanquished Creatures
  An orc priest (D:3)
  An orc wizard (D:3)
  3 gnolls (D:3)
  2 adders (D:2)
  A worm (D:2)
  A dart slug (D:2)
  2 orcs (D:3)
  6 ball pythons
  7 endoplasms
  3 giant cockroaches
  2 goblins
  5 hobgoblins
  4 kobolds (D:1)
  2 quokkas
  6 bats
  4 frilled lizards
  5 rats
55 creatures vanquished.

Notes
Turn   | Place    | Note
-------+----------+-------------------------------------------
     0 | D:1      | growler the Tengu Air Elementalist began the quest for the
                  | Orb.
     0 | D:1      | Reached XP level 1. HP: 10/10 MP: 4/4
   334 | D:1      | Reached XP level 2. HP: 15/15 MP: 4/6
   359 | D:1      | Learned a level 2 spell: Static Discharge
   819 | D:1      | Reached XP level 3. HP: 19/19 MP: 3/7
  1993 | D:2      | Found a faded altar of an unknown god.
  1998 | D:2      | Reached XP level 4. HP: 24/24 MP: 7/9
  2153 | D:2      | Reached skill level 5 in Air Magic
  2449 | D:3      | Gained mutation: Your magical nature lets you fly swiftly
                  | and evasively. [Tengu growth]
  2449 | D:3      | Reached XP level 5. HP: 15/28 MP: 0/10
  2661 | D:3      | HP: 1/28 [gnoll (3)]
  2662 | D:3      | Slain by a gnoll

Illustrated notes

Levels and vault maps discovered:
D:1:      dpeg_arrival_three_same_balls, layout_rooms
D:2:      layout_loops_cross, serial_glass, glass_columns_a, glass_columns_a,
          shapermc_ecumenical_altar_starsandcircs, roderic_roman_lattice,
          nrook_mini_vaults, minmay_misc_feat_room, minmay_diced_spiral
D:3:      layout_loops_ring

Skill      XL: |  1  2  3  4  5 |
---------------+----------------+-----
Conjurations   | 2 3 4 |  4.0
Air Magic      | 5 |  5.6
Spellcasting   | 3 |  3.3
Dodging        | |  2.1
Stealth        | |  2.0

Action                   |  1- 3 |  4- 6 || total
-------------------------+-------+-------++-------
Melee: Unarmed           |    17 |     9 ||    26
       Kick              |     3 |     1 ||     4
       Peck              |     2 |     1 ||     3
 Cast: Shock             |    51 |    12 ||    63
       Static Discharge  |    12 |     9 ||    21
Armor: Robe              |    12 |     2 ||    14
Dodge: Dodged            |    16 |    24 ||    40
